 Dungeon Crawl Stone Soup version 0.31-a0-968-g24f9ace8b5 (webtiles) character file.

Game seed: 11126481716199155411

108 Bapho the Slasher (level 4, -4/4 HPs)
             Began as a Draconian Berserker on Sept 25, 2023.
             Was a Follower of Trog.
             Slain by a worm (8 damage)
             ... on level 3 of the Dungeon on Oct 27, 2023.
             The game lasted 00:05:44 (2321 turns).

Bapho the Slasher (Draconian Berserker)             Turns: 2321, Time: 00:05:45

Health: -4/4       AC:  8    Str: 21    XL:     4   Next: 58%
Magic:  4/4        EV: 12    Int:  7    God:    Trog [*.....]
Gold:   105        SH:  0    Dex: 11    Spells: 3/3 levels left

rFire   . . .        a - +0 falchion
rCold   . . .        (no shield)
rNeg    + . .        (body armour unavailable)
rPois   .            (helmet restricted)
rElec   .            j - +2 cloak
rCorr   .            (no gloves)
SInv    .            (no boots)
Will    .....        g - amulet of regeneration
Stlth   +            k - ring of positive energy
HPRegen 1.00/turn    (no ring)
MPRegen 0.09/turn

%: no passive effects
@: maw-form
A: devouring maw, reduced hp, AC +5, unfitting armour, cold-blooded
a: Begin Untransformation, Renounce Religion, Berserk


You were on level 3 of the Dungeon.
You worshipped Trog.
Trog was aware of your devotion.
You were a creature with a mouth for a stomach.
You visited 1 branch of the dungeon, and saw 3 of its levels.

You collected 105 gold pieces.

Inventory:

Hand Weapons
 a - a +0 falchion (weapon)
Armour
 j - a +2 cloak (worn)
 n - a +0 cloak of preservation
Jewellery
 g - an amulet of regeneration (around neck)
 k - a ring of positive energy (left hand)
 l - a +6 ring of intelligence
 q - an amulet of the acrobat
Talismans
 o - a maw talisman
Scrolls
 b - 2 scrolls of teleportation {unknown}
 c - a scroll of fog {unknown}
 d - a scroll of revelation {unknown}
 i - a scroll of blinking {unknown}
 p - a scroll of fear {unknown}
 r - a scroll of amnesia {unknown}
 s - a scroll of vulnerability {unknown}
Potions
 e - a potion of curing
 f - a potion of brilliance {unknown}
 h - a potion of cancellation {unknown}
 m - a potion of mutation {unknown}
 t - a potion of ambrosia {unknown}


   Skills:
 + Level 4.1 Fighting
 * Level 4.3 Long Blades
 + Level 3.3 Dodging


You had 3 spell levels left.
You didn't know any spells.
Your spell library was empty.

Dungeon Overview and Level Annotations

Branches:
Dungeon (3/15)

Altars:
Cheibriados
Fedhas
Okawaru
Ru
Uskayaw

Shops:
D:1 :


Innate Abilities, Weirdness & Mutations

You are a creature with a mouth for a stomach.
Your midsection houses a second, enormous mouth.
Your maximum health is decreased, since you lack skill for your form.
Your plain brown scales are hard. (AC +5)
You cannot fit into any form of body armour.
You are cold-blooded and may be slowed by cold attacks.


Message History

You barely miss the adder. Your bite misses the adder.
The adder is heavily wounded.
The adder bites you but does no damage.
You hit the adder. You bite the adder.
The adder is severely wounded.
The adder barely misses you.
You closely miss the adder. You bite the adder.
The adder is severely wounded.
The adder barely misses you. The adder closely misses you.
You miss the adder. Your bite misses the adder.
The adder is severely wounded.
The adder completely misses you.
You hit the adder.
You devour the adder!
You feel better.
You kill the adder!
Trog accepts your kill.
Found a thick beryl amulet.
You start putting on your amulet.
You continue putting on your amulet of regeneration. x5
You finish putting on your amulet of regeneration.
The amulet throbs as it attunes itself to your uninjured body.
g - an amulet of regeneration (around neck)
q - an amulet of the acrobat A worm comes into view.
An orc priest comes into view. It is wielding a +0 dagger.
The orc priest shouts!
You hear a shout! x2 2 orcs come into view.
Found 7 gold pieces.
The orc shouts!
An orc priest comes into view. It is wielding a +0 flail.
The orc priest looks encouraged for a moment.
The orc priest shouts!
The orc priest looks encouraged for a moment.
Okay, then.
Okay, then.
You slash the worm! You tail-slap the worm.
You bite the worm, but do no damage.
The worm is severely wounded.
The worm bites you!
Ouch! That really hurt!
You die...

#############
#....>......#######
#.#######.#....Ww.#
##.# #.#######o#
...# #.# #.# ##.#
#.# #o# #.# #.# #.#
##.## #.# #o# ....#
#.# #o# ##..#
#.##### #o#
##..######.....#
...


You could see a worm and an orc.

Vanquished Creatures
  Crazy Yiuf (D:2)
  3 adders
  2 worms
  2 dart slugs
  5 ball pythons
  An endoplasm (D:2)
  3 giant cockroaches
  2 goblins
  4 hobgoblins
  2 quokkas (D:3)
  3 bats
  9 frilled lizards
  8 kobolds
  3 rats
48 creatures vanquished.

Notes
Turn   | Place    | Note
-------+----------+-------------------------------------------
     0 | D:1      | Bapho the Draconian Berserker began the quest for the Orb.
     0 | D:1      | Reached XP level 1. HP: 19/19 MP: 1/1
    73 | D:1      | Found Hiogh's Book Shoppe.
   538 | D:1      | Reached XP level 2. HP: 25/26 MP: 2/2
   673 | D:1      | You fall into a shaft and drop 1 floor!
  1300 | D:2      | Reached XP level 3. HP: 33/33 MP: 3/3
  1678 | D:2      | Found a runed translucent door.
  1679 | D:2      | Noticed Crazy Yiuf
  1759 | D:2      | Killed Crazy Yiuf
  1760 | D:2      | Reached XP level 4. HP: 9/40 MP: 4/4
  1764 | D:2      | HP: 2/40 [poisoned by Crazy Yiuf]
  1947 | D:3      | Found an iron altar of Okawaru.
  1947 | D:3      | Found a hide-covered altar of Uskayaw.
  1948 | D:3      | Found a blossoming altar of Fedhas.
  1948 | D:3      | Found a sacrificial altar of Ru.
  2062 | D:3      | Upgraded the game from 0.31-a0-832-g3a2c1c66ba to
                  | 0.31-a0-968-g24f9ace8b5
  2109 | D:3      | Found a snail-covered altar of Cheibriados.
  2321 | D:3      | Slain by a worm

Illustrated notes

Levels and vault maps discovered:
D:1:      minmay_arrival_stair_chambers, layout_basic, serial_shops,
          nicolae_shop_rolling_square
D:2:      layout_basic, uniq_crazy_yiuf_cottage
D:3:      layout_loops_ring, mainiacjoe_overflow_concentric_impassable,
          grunt_temple_overflow_open, minmay_lizard_king, uniq_sigmund

Skill      XL: |  1  2  3 |
---------------+----------+-----
Dodging        | 3 |  3.3
Fighting       | 4 |  4.1
Long Blades    | 4 |  4.3

Action                     |  1- 3 |  4- 6 || total
---------------------------+-------+-------++-------
  Melee: Falchion          |   103 |    49 ||   152
         Tailslap          |     9 |     7 ||    16
         Maw               |       |    12 ||    12
         Punch             |       |     1 ||     1
  Throw: Stone             |     7 |     8 ||    15
 Invoke: Berserk           |     3 |     1 ||     4
    Use: Potion            |       |     1 ||     1
 Armour: Skin              |    62 |    17 ||    79
  Dodge: Dodged            |    58 |    35 ||    93
   Form: Maw               |       |     1 ||     1

Table legend: (Time is in decaauts)
 A = Elapsed time spent in this place.
 B = Non-inter-level travel time spent in this place.
 C = Inter-level travel time spent in this place.
 D = Time resting spent in this place.
 E = Time spent auto-exploring this place.
 F = Levels seen in this place.
 G = Mean time per level.
                   A        B        C        D        E       F      G
               +--------+--------+--------+--------+--------+-----+--------+
         Total |   2376 |   2325 |     51 |    400 |   1499 |   3 |  792.0 |
       Dungeon |   2376 |   2325 |     51 |    400 |   1499 |   3 |  792.0 |
               +--------+--------+--------+--------+--------+-----+--------+

Top non-repeatable levels by time:
     D:1: 1052 daAuts
     D:2: 933 daAuts
     D:3: 390 daAuts
